AoeStats
← EsepeEle

Arabia

509503153Analyzed
1v1 RM · 7d ago on Sep 27, 2026· 67m 56s· 2 players
Game mode
Random Map
Map size
Tiny (2 player)
Population
200
Speed
Normal
Resources
Standard
Victory
Conquest
Starting age
Dark Age
Ending age
Imperial Age
RankedLock teamsTeams togetherTeam positionsShared explorationLock speedFull tech treeHidden civsTurbo modeCheats
Victory
Defeat
🇨🇱 Franks · Chile
588
+16
🇨🇱 Vikings · Chile
584
-16
EsepeEle
3:29 Loom
11:49 Feudal Age
17:58 Castle Age
16:12 Horse Collar
18:02 Fletching
18:16 Double-Bit Axe
21:15 Town Watch
21:53 Crossbowman
23:36 Scale Mail Armor
25:17 Padded Archer Armor
26:30 Bodkin Arrow
31:12 Leather Archer Armor
33:18 Bow Saw
35:13 Pikeman
37:24 Chain Mail Armor
37:21 Forging
40:10 Iron Casting
46:05 Imperial Age
45:32 Light Cavalry
46:57 Capped Ram
49:10 Gold Mining
49:12 Stone Mining
51:36 Blast Furnace
52:24 Conscription
53:16 Hoardings
55:14 Chemistry
54:36 Ballistics
56:16 Chieftains
56:53 Plate Mail Armor
57:43 Bracer
58:59 Elite Varangian Guard
59:44 Squires
64:16 Scale Barding Armor
64:10 Murder Holes
64:04 Elite Skirmisher
jeanpierrerodriguezp
5:29 Loom
10:21 Feudal Age
14:53 Town Watch
15:53 Wheelbarrow
18:50 Double-Bit Axe
23:54 Castle Age
24:57 Castle Age
26:01 Gold Mining
30:49 Husbandry
35:52 Scale Barding Armor
35:58 Forging
36:47 Town Patrol
37:14 Hand Cart
40:38 Chain Barding Armor
40:54 Iron Casting
44:24 Imperial Age
42:50 Padded Archer Armor
42:41 Fletching
52:56 Gold Shaft Mining
52:12 Stone Mining
52:01 Cavalier
55:28 Ballistics
55:19 Masonry
54:49 Treadmill Crane
56:11 Chemistry
55:27 Elite Throwing Axeman
57:55 Hoardings
60:20 Paladin
64:01 Bow Saw
Connection lost

Rejoining the realm…

Still unreachable

The connection could not be restored.

Session expired

The server has moved on; the page needs a fresh start.